 Dungeon Sprint DCSS version 0.32-a0-571-gec57dfcd37 (webtiles) character file.

Game seed: 7242345282958519304

2 rocky1 the Trooper (level 1, -8/13 (20) HPs)
             Began as a Mountain Dwarf Fighter on Mar 1, 2024.
             Killed by nerve-wracking pain
             ... invoked by Jessica
              (12 damage)
             ... in the Dungeon (Sprint III: "The Ten Rune Challenge").
             The game lasted 00:00:18 (36 turns).

rocky1 the Trooper (Mountain Dwarf Fighter)           Turns: 36, Time: 00:00:19

HP:   -8/13 (20)    AC:  6    Str: 18    XL:     1   Next: 33%
MP:   1/1           EV:  9    Int:  8    God:
Gold: 0             SH:  4    Dex:  9    Spells: 0/0 levels left

rFire   . . .        a - +0 flail
rCold   . . .        c - +0 buckler
rNeg    . . .        b - +0 scale mail
rPois   .            (no helmet)
rElec   .            (no cloak)
rCorr   .            (no gloves)
SInv    .            (no boots)
Will    .....        (no amulet) Stlth
                     (no ring)
HPRegen 0.22/turn    (no ring)
MPRegen 0.07/turn

%: no teleportation
@: very heavily drained
A: runic magic, artefact enchanting
a: no special abilities


You were in the Dungeon.
You visited 1 branch

Inventory:

Hand Weapons
 a - a +0 flail (weapon)
Armour
 b - a +0 scale mail (worn)
 c - a +0 buckler (worn)
Scrolls
 j - a scroll of blinking
 k - a scroll of fear {unknown}
Potions
 d - a potion of might
 e - a potion of curing
 f - a potion of heal wounds
 g - a potion of haste
 h - 2 potions of magic
 i - a potion of berserk rage


   Skills:
 + Level 3.7 Fighting
 * Level 3.6 Maces & Flails
 - Level 3.2 Armour
 - Level 3.2 Shields


You couldn't memorise any spells.
You didn't know any spells.
Your spell library was empty.

Dungeon Overview and Level Annotations

Branches:
Dungeon (1/1)

Altars:

Annotations:
D Jessica


Innate Abilities, Weirdness & Mutations

Your spellcasting is much less encumbered by armour.
You can use scrolls of enchantment on lesser artefacts.


Message History

The endoplasm hits you but does no damage.
You thump the endoplasm!
You kill the endoplasm!
Your Maces & Flails skill increases to level 3!
No target in view!
An endoplasm comes into view.
Found a scroll labelled FETHAJO ZARUSU.
The endoplasm quivers.
You sock the endoplasm!
You kill the endoplasm!
k - a scroll labelled FETHAJO ZARUSU Jessica the Apprentice Sorceress comes into view.
She is wielding a +1 dagger of draining.
Jessica shouts!
You barely miss Jessica. Jessica hits you but does no damage.
You feel drained.
You barely miss Jessica.
Jessica hits you with a +1 dagger of draining.
You feel drained.
Jessica hits you with a +1 dagger of draining.
You feel drained.
You barely miss Jessica. Jessica casts a spell at you.
You resist with some effort.
You hit Jessica.
Jessica is severely wounded.
Jessica hits you with a +1 dagger of draining.
You feel drained.
* * * LOW HITPOINT WARNING * * *
You closely miss Jessica.
Jessica is severely wounded.
You block Jessica's attack.
You hit Jessica but do no damage.
Jessica is severely wounded.
Jessica hits you but does no damage.
You feel drained. Jessica hits you but does no damage.
You feel drained.
You hit Jessica.
Jessica is almost dead.
Jessica points at you and mumbles some strange words.
Pain shoots through your body!
Ouch! That really hurt!
You die...

▓▓▓▓▓▓▓▓▓
▓<..#$..####
▓...#......##
▓..##..@@...#
▓##.##.##...#
##.##.## ..#
▓#.####.# .#
▓.###..## #
▓#.....#
###..##
##..## #..##


You could see Jessica.

Vanquished Creatures
  2 endoplasms (D)
2 creatures vanquished.

Notes
Turn   | Place    | Note
-------+----------+-------------------------------------------
     0 | D        | rocky1 the Mountain Dwarf Fighter began the quest for the
                  | Orb.
     0 | D        | Reached XP level 1. HP: 19/19 MP: 1/1
    27 | D        | Noticed Jessica
    36 | D        | Killed from afar by Jessica

Illustrated notes

Levels and vault maps discovered:
D:        dungeon_sprint_mu [sprint_mu_entry_cave, sprint_mu_temple_rooms,
          sprint_mu_d1_spiders, sprint_mu_d2_genie, sprint_mu_d3_branching,
          sprint_mu_orc_legion, sprint_mu_elf_gauntlet, sprint_mu_hive_nellie,
          sprint_mu_lair_fedhas, sprint_mu_vaults_butterflies,
          sprint_mu_slime_circle, sprint_mu_swamp_cave, sprint_mu_shoals_archi,
          sprint_mu_blade_basic, sprint_mu_crypt_fortress,
          sprint_mu_tomb_spiral, sprint_mu_vestibule_basic,
          sprint_mu_gehenna_hellfire, sprint_mu_dis_giant,
          sprint_mu_tartarus_statrot, sprint_mu_cocytus_islands, sprint_mu_zot1]

Skill      XL: |  1 |
---------------+----+-----
Maces & Flails | 3 |  3.6
Fighting       | |  3.7
Armour         | |  3.2
Shields        | |  3.2

Action                     || total
---------------------------++-------
  Melee: Flail             ||     9
 Armour: Scale mail        ||     7
  Block: Buckler           ||     1

Table legend: (Time is in decaauts)
 A = Elapsed time spent in this place.
 B = Non-inter-level travel time spent in this place.
 C = Inter-level travel time spent in this place.
 D = Time resting spent in this place.
 E = Time spent auto-exploring this place.
 F = Levels seen in this place.
 G = Mean time per level.
                   A        B        C        D        E       F      G
               +--------+--------+--------+--------+--------+-----+--------+
         Total |     38 |     38 |      0 |      0 |     14 |   1 |   38.0 |
       Dungeon |     38 |     38 |      0 |      0 |     14 |   1 |   38.0 |
               +--------+--------+--------+--------+--------+-----+--------+

Top non-repeatable levels by time:
       D: 38 daAuts
